 Dungeon Sprint DCSS version 0.17-a0-1769-g54adf96 (console) character file.

1267 utis the Destroyer (level 8, -3/48 HPs)
             Began as a Tengu Fire Elementalist on Sept 7, 2015.
             Was a Priest of Sif Muna.
             Slain by a centaur warrior (5 damage)
             ... in the Dungeon (Sprint I: "Red Sonja").
             The game lasted 00:04:58 (677 turns).

utis the Destroyer (Tengu Fire Elementalist)         Turns: 677, Time: 00:04:59

Health: -3/48      AC:  2    Str:  9    XL:     8   Next: 53%
Magic:  2/19       EV: 20    Int: 18    God:    Sif Muna [***...]
Gold:   305        SH:  0    Dex: 14    Spells: 4 memorised, 7 levels left

rFire  . . .     SeeInvis .     (no weapon)
rCold  . . .     Clarity  .     a - +0 robe
rNeg   . . .     SustAt   .     (no shield)
rPois  .         Gourm    .     (helmet restricted)
rElec  .         Spirit   .     (no cloak)
rCorr  .         Warding  .     (no gloves)
rMut   .         NoTele   +     (boots unavailable)
MR     .....                    (no amulet)
Stlth  ++........               (no ring)
                                (no ring)

@: flying quickly and evasively, quick, not resistant to hostile enchantments,
unstealthy
A: beak, talons 3, able to fly 1
a: Channel Energy, Forget Spell, Renounce Religion


You were in the Dungeon.
You worshipped Sif Muna.
Sif Muna was most pleased with you.
You were very hungry.

You visited 1 branch You collected 305 gold pieces.

Inventory:

Armour
 a - a +0 robe (worn)
Jewellery
 j - a +3 ring of intelligence {unknown}
Magical devices
 h - a wand of polymorph (12)
Scrolls
 i - a scroll of blinking {!r}
Potions
 d - a potion of curing
 e - a potion of heal wounds
 f - a potion of haste
 g - 2 potions of magic
 k - a potion of might {unknown}
Books
 b - a book of Flames

   Spells                             Type                      Level
   a - Flame Tongue                   Conjuration/Fire             1
   b - Throw Flame                    Conjuration/Fire             2
   c - Conjure Flame                  Conjuration/Fire             3
   d - Inner Flame                    Hexes/Fire                   3
   e - Sticky Flame                   Conjuration/Fire             4
   f - Fireball                       Conjuration/Fire             5
Comestibles
 c - a bread ration


   Skills:
 + Level 4.5 Fighting
 + Level 8.0 Dodging
 - Level 2.0 Stealth
 + Level 6.7 Spellcasting
 * Level 12.8 Conjurations
 * Level 11.4 Fire Magic
 + Level 2.8 Invocations


You had 7 spell levels left.
You knew the following spells:

 Your Spells              Type           Power        Failure   Level  Hunger
a - Flame Tongue          Conj/Fire      #####        1%          1    None
b - Sticky Flame          Conj/Fire      #####...     1%          4    ####...
d - Conjure Flame         Conj/Fire      #####...     1%          3    ##.....
e - Fireball              Conj/Fire      #####.....   2%          5    #####..


Dungeon Overview and Level Annotations

Branches:
Dungeon (1/1)

Altars:
Cheibriados
Dithmenos
Elyvilon
Fedhas
Gozag
Kikubaaqudgha
Makhleb
Nemelex Xobeh
Okawaru
Qazlal
Ru
Sif Muna
Trog
Vehumet
Xom
Yredelemnul
Zin
The Shining One
Jiyva

Shops:
D *


Innate Abilities, Weirdness & Mutations

You have a beak for a mouth.
You have claws for feet.
You can fly.


Message History

The arrow of frost hits you!
* * * LOW HITPOINT WARNING * * *
The arrow of frost freezes you.
* * * LOW HITPOINT WARNING * * *
The centaur warrior burns!
The centaur warrior unwields an uncursed shortbow.
The centaur warrior hits you!
* * * LOW HITPOINT WARNING * * *
The centaur warrior misses you.
You see here 3 arrows of frost.
You hit the centaur warrior but do no damage.
You claw the centaur warrior, but do no damage.
You peck the centaur warrior, but do no damage.
The centaur warrior is severely wounded.
The centaur warrior burns!
The centaur warrior stops burning.
The centaur warrior hits you but does no damage.
You hit the centaur warrior but do no damage.
The centaur warrior is almost dead.
The centaur warrior misses you. The centaur warrior hits you.
You die...

▓▓▓▓▓▓▓▓▓▓▓▓▓▓▓▓▓
.▓..').▓..'..▓__▓
.'..▓).'..▓..'..+
.▓▓▓▓▓'▓▓▓▓▓'▓__▓▓▓▓
.▓▓▓▓..▓...▓.▓▓▓▓§§▓
.▓__▓▓▓▓..▓▓.▓§§Q§§▓
.▓_..__▓▓'▓..'§§§c§+
⌠▓_.∩...'..§§▓§§§§§▓
▓▓_..._▓▓_.▓'▓▓+▓▓▓▓
▓_____▓▓▓+▓.▓
▓▓▓▓▓▓▓ ▓▓▓


You could see a centaur warrior.

Vanquished Creatures
  A centaur warrior (D)
  A slime creature (D)
  Sigmund (D)
  A yak (D)
  An ogre (D)
  A jelly (D)
  Ijyb (D)
7 creatures vanquished.

Notes
Turn   | Place    | Note
--------------------------------------------------------------
     0 | D        | utis the Tengu Fire Elementalist began the quest for the Orb.
     0 | D        | Reached XP level 1. HP: 10/10 MP: 4/4
     2 | D        | Noticed Ijyb
     7 | D        | Killed Ijyb
     7 | D        | Reached skill level 4 in Conjurations
     7 | D        | Reached skill level 5 in Fire Magic
     7 | D        | Reached XP level 2. HP: 15/15 MP: 2/6
     7 | D        | Reached XP level 3. HP: 19/19 MP: 2/8
    80 | D        | Learned a level 3 spell: Conjure Flame
    82 | D        | Noticed an ogre
    87 | D        | Killed an ogre
    87 | D        | Reached skill level 7 in Conjurations
    87 | D        | Reached XP level 4. HP: 24/24 MP: 0/10
   176 | D        | Learned a level 4 spell: Sticky Flame
   179 | D        | Noticed Sigmund
   188 | D        | Killed Sigmund
   188 | D        | Reached skill level 5 in Dodging
   188 | D        | Reached skill level 9 in Conjurations
   188 | D        | Gained mutation: You can fly. [Tengu growth]
   188 | D        | Reached XP level 5. HP: 28/28 MP: 8/13
   188 | D        | Reached XP level 6. HP: 32/32 MP: 8/14
   238 | D        | Learned a level 5 spell: Fireball
   265 | D        | Found a deep blue altar of Sif Muna.
   266 | D        | Noticed a jelly
   267 | D        | Found a radiant altar of Vehumet.
   274 | D        | Killed a jelly
   274 | D        | Reached skill level 5 in Spellcasting
   362 | D        | Found Xuniex's Assorted Antiques.
   362 | D        | Found a white marble altar of Elyvilon.
   362 | D        | Found a burning altar of Makhleb.
   362 | D        | Found a sacrificial altar of Ru.
   362 | D        | Found a glowing golden altar of the Shining One.
   362 | D        | Found an opulent altar of Gozag.
   362 | D        | Found a glowing silver altar of Zin.
   362 | D        | Noticed a yak
   363 | D        | Found a stormy altar of Qazlal.
   363 | D        | Found a basalt altar of Yredelemnul.
   363 | D        | Found an iron altar of Okawaru.
   363 | D        | Found a sparkling altar of Nemelex Xobeh.
   363 | D        | Found a shimmering altar of Xom.
   363 | D        | Found an ancient bone altar of Kikubaaqudgha.
   374 | D        | Killed a yak
   374 | D        | Reached skill level 10 in Conjurations
   374 | D        | Reached XP level 7. HP: 25/40 MP: 8/16
   497 | D        | Found a bloodstained altar of Trog.
   520 | D        | Became a worshipper of Sif Muna the Loreminder
   555 | D        | Found a viscous altar of Jiyva.
   555 | D        | Found a blossoming altar of Fedhas.
   555 | D        | Noticed a slime creature
   557 | D        | Found a snail-covered altar of Cheibriados.
   557 | D        | Found a shadowy altar of Dithmenos.
   571 | D        | Killed a slime creature
   571 | D        | Acquired Sif Muna's first power
   571 | D        | Reached skill level 11 in Conjurations
   571 | D        | Reached skill level 10 in Fire Magic
   665 | D        | Noticed a centaur warrior
   666 | D        | Noticed a centaur warrior
   669 | D        | Killed a centaur warrior
   669 | D        | Acquired Sif Muna's second power
   669 | D        | Reached skill level 12 in Conjurations
   669 | D        | Reached XP level 8. HP: 27/48 MP: 0/19
   675 | D        | HP: 2/48 [centaur warrior (10)]
   677 | D        | Slain by a centaur warrior

Vault maps used:
D:        dungeon_sprint_1

Action                   |  1- 3 |  4- 6 |  7- 9 || total
-------------------------+-------+-------+-------++-------
Melee: Unarmed           |     2 |       |     2 ||     4
 Cast: Flame Tongue      |     6 |     1 |       ||     7
       Conjure Flame     |     1 |       |       ||     1
       Sticky Flame      |       |     3 |     4 ||     7
       Fireball          |       |       |     2 ||     2
Invok: Channel Energy    |       |       |     2 ||     2
 Abil: Fly               |       |     2 |     2 ||     4
  Use: Potion            |     1 |       |       ||     1
  Eat: Chunk             |       |       |     1 ||     1
